 Dungeon Crawl Stone Soup version 0.30.1-11-g7821555f0a (webtiles) character file.

Game seed: 11045864084810719197

46 lonewolfV2 the Trooper (level 3, -7/30 HPs)
             Began as a Formicid Fighter on Dec 5, 2023.
             Mangled by an ogre
             ... wielding a +0 giant spiked club
              (37 damage)
             ... on level 3 of the Dungeon.
             The game lasted 00:02:37 (1366 turns).

lonewolfV2 the Trooper (Formicid Fighter)           Turns: 1366, Time: 00:02:38

Health: -7/30      AC:  6    Str: 22    XL:     3   Next: 92%
Magic:  3/3        EV:  9    Int:  7    God:
Gold:   84         SH:  5    Dex: 13    Spells: 2/2 levels left

rFire   . . .        a - +0 war axe
rCold   . . .        c - +0 buckler
rNeg    . . .        b - +0 scale mail
rPois   .            (helmet unavailable)
rElec   .            (no cloak)
rCorr   .            (no gloves)
SInv    +            (no boots)
Will    .....        (no amulet) Stlth
                     (no ring)
HPRegen 0.25/turn    (no ring)
MPRegen 0.08/turn

%: no passive effects
@: mighty
A: permanent stasis, dig shafts and tunnels, antennae 3, four strong arms
a: Dig, Shaft Self


You were on level 3 of the Dungeon.
You visited 1 branch of the dungeon, and saw 3 of its levels.

You collected 84 gold pieces.

Inventory:

Hand Weapons
 a - a +0 war axe (weapon)
Armour
 b - a +0 scale mail (worn)
 c - a +0 buckler (worn)
Potions
 e - a potion of lignification {unknown}
 g - a potion of haste {unknown}
 i - 3 potions of curing
 k - a potion of magic {unknown}


   Skills:
 + Level 4.2 Fighting
 + Level 3.1 Axes
 - Level 3.2 Armour
 - Level 4.0 Shields


You had 2 spell levels left.
You didn't know any spells.
Your spell library contained the following spells:

 Spells                   Type           Power      Damage    Failure   Level
 Ozocubu's Armour         Ice            0%         N/A       99%         3
 Metabolic Englaciation   Hex/Ice        0%         N/A       100%        5
 Simulacrum               Ice/Necr       0%         N/A       100%        6


Dungeon Overview and Level Annotations

Branches:
Dungeon (3/15)

Altars:


Innate Abilities, Weirdness & Mutations

You cannot be hasted, slowed, berserked, paralysed or teleported.
You can dig through walls and to a lower floor.
You have a pair of large antennae on your head. (SInv)
Your four strong arms can wield two-handed weapons with a shield.


Message History

Could not explore, unopened door.
As you open the door, it creaks loudly!
There is an open door here.
Partly explored, can't reach some items and places.
Partly explored, can't reach some items and places.
Partly explored, can't reach some items and places.
Partly explored, can't reach some items and places.
Partly explored, can't reach some items and places.
You open the door.
Partly explored, can't reach some items and places.
There is an open door here.
Partly explored, can't reach some items and places.
Partly explored, can't reach some items and places.
Partly explored, can't reach some items and places.
There is an open door here.
There is a stone staircase leading down here.
As you read the scroll labelled SILIEXIJ HUFUY, it crumbles to dust.
It is a scroll of amnesia.
You feel forgetful for a moment.
You climb downwards.
Found a stone staircase leading down.
There is a stone staircase leading up here.
An endoplasm comes into view.
The endoplasm quivers.
The endoplasm hits you.
You barely miss the endoplasm. The endoplasm freezes you.
You are frozen.
You slash the endoplasm!
You kill the endoplasm!
HP restored.
There is a stone staircase leading down here.
You sense a monster nearby.
An ogre comes into view. It is wielding a +0 giant spiked club.
The ogre shouts!
An ogre is nearby!
You feel very mighty all of a sudden.
The ogre hits you with a +0 giant spiked club!!!
Ouch! That really hurt!
You die...

###### #....#
#....#
#....########
#.....#......
###.>...### #
##..#....# ..#
#<..####.###..#
#.#.# #.@O..#
#...# ####..#
###.. .# #..# #
{ ...# { ...
#...


You could see an ogre.

Vanquished Creatures
  A worm (D:2)
  3 endoplasms
  A giant cockroach (D:2)
  4 hobgoblins (D:1)
  9 jackals (D:1)
  2 kobolds
  2 quokkas
  A ball python (D:1)
  7 bats (D:1)
  4 frilled lizards (D:1)
  A goblin (D:1)
  5 rats
40 creatures vanquished.

Notes
Turn   | Place    | Note
-------+----------+-------------------------------------------
     0 | D:1      | lonewolfV2 the Formicid Fighter began the quest for the
                  | Orb.
     0 | D:1      | Reached XP level 1. HP: 18/18 MP: 1/1
    23 | D:1      | Reached XP level 2. HP: 16/24 MP: 2/2
   307 | D:1      | Reached XP level 3. HP: 30/30 MP: 3/3
  1138 | D:2      | Found a faded altar of an unknown god.
  1364 | D:3      | Noticed an ogre
  1366 | D:3      | Mangled by an ogre

Illustrated notes

Levels and vault maps discovered:
D:1:      mrwooster_arrival_arrow, layout_basic
D:2:      layout_basic, shapermc_ecumenical_altar_gd
D:3:      layout_rooms, ashenzari_conservatory_becter, serial_shops, shop,
          kennysheep_generic_room_4

Skill      XL: |  1  2  3 |
---------------+----------+-----
Fighting       | 4 |  4.2
Axes           | 3 |  3.1
Armour         | |  3.2
Shields        | |  4.0

Action                     || total
---------------------------++-------
  Melee: War axe           ||   111
    Use: Scroll            ||     5
         Potion            ||     1
 Armour: Scale mail        ||    50
  Dodge: Dodged            ||    76
  Block: Buckler           ||    27
